 Dungeon Crawl Stone Soup version 0.28.0-45-g0d030f2227 (webtiles) character file.

Game seed: 12069363165419644086

263116 Icepheonix32 the Victor of a Thousand Battles (level 19, -11/125 (133) HPs)
             Began as a Demonspawn Fighter on Apr 8, 2022.
             Was the Champion of Okawaru.
             Killed from afar by a tengu reaver (22 damage)
             ... with a bolt of acid
             ... on level 2 of the Vaults.
             The game lasted 01:57:33 (48227 turns).

Icepheonix32 (DsFi)                                Turns: 48227, Time: 01:57:36

HP:   -11/125 (133) AC: 40    Str: 31    XL:     19   Next: 62%
MP:   32/32         EV: 12    Int:  9    God:    Okawaru [******]
Gold: 2927          SH: 20    Dex: 13    Spells: 18/18 levels left

rFire   . . .      SeeInvis +   j - +9 broad axe (spect)
rCold   + . .      Faith    +   p - +0 tower shield
rNeg    . . .      Spirit   .   z - +4 plate armour {rC+}
rPois   +          Reflect  .   Y - +0 mask of the Dragon {Will+ Slay+3 SInv}
rElec   .          Harm     .   x - +2 cloak {Will+}
rCorr   .          Rampage  +   e - +2 pair of gloves {Stlth+}
Will    ++++.      Rage     1%  Q - +2 pair of boots {rampage}
Stlth   +.........              q - amulet of faith
HPRegen 0.30/turn               h - +4 ring of protection
MPRegen 0.23/turn               G - +6 ring of strength

@: heroic, corroded, drained
A: slimy green scales 3, ignite blood 1, spiny 3, torment resistance 1, demonic
willpower, weakness stinger 2, hooves 1, horns 1, berserk 1, frail 1, wild magic
1
}: 1/15 runes: decaying
a: Renounce Religion, Heroism, Finesse, Duel


You were on level 2 of the Vaults.
You worshipped Okawaru.
Okawaru was exalted by your worship.
You visited 9 branches of the dungeon, and saw 35 of its levels.
You also visited: Ice Cave and Volcano.

You collected 4127 gold pieces.
You spent 1200 gold pieces at shops.

Inventory:

Hand Weapons
 i - a +0 war axe of flaming
 j - a +9 spectral broad axe (weapon)
 m - a +4 vampiric war axe
 H - the +7 mace of Akoru {venom, rPois rN++}
   (You found it on level 13 of the Dungeon)

   It poisons the flesh of those it strikes.
   rPois:     It protects you from poison.
   rN:        It greatly protects you from negative energy.
Missiles
 l - 25 boomerangs
 o - 3 throwing nets
 y - 16 javelins (quivered)
 D - 19 curare-tipped darts
 M - 18 atropa-tipped darts
Armour
 e - a +2 pair of gloves of stealth (worn)
 p - a +0 tower shield (worn)
 x - a +2 cloak of willpower (worn)
 z - a +4 plate armour of cold resistance (worn)
 N - +0 ice dragon scales
 P - a +1 buckler of cold resistance
 Q - a +2 pair of boots of rampaging (worn)
 Y - the +0 mask of the Dragon (worn) {Will+ Slay+3 SInv}
   (Okawaru gifted it to you on level 13 of the Dungeon)

   Slay:      It affects your accuracy & damage with ranged weapons and melee
   (+3).
   SInv:      It lets you see invisible.
   Will:      It increases your willpower.
Jewellery
 h - a +4 ring of protection (left hand)
 q - an amulet of faith (around neck)
 v - a +6 ring of strength
 F - an amulet of reflection
 G - a +6 ring of strength (right hand)
 W - a ring of protection from fire
Wands
 b - a wand of digging (6)
 k - a wand of iceblast (16)
 t - a wand of acid (34)
 I - a wand of flame (28)
 J - a wand of paralysis (22)
 L - a wand of mindburst (5)
Scrolls
 d - 5 scrolls of fear
 g - 3 scrolls of torment
 n - 7 scrolls of immolation
 r - 6 scrolls of teleportation
 s - 2 scrolls of silence
 A - a scroll of enchant armour
 C - 5 scrolls of magic mapping
 K - a scroll of brand weapon
 U - a scroll of blinking
 X - 3 scrolls of amnesia
Potions
 a - 2 potions of ambrosia
 c - 2 potions of mutation
 f - 9 potions of curing
 u - 3 potions of flight
 w - 6 potions of heal wounds
 B - 3 potions of magic
 E - 2 potions of lignification
 O - 2 potions of might
 S - a potion of cancellation
 T - a potion of haste
 Z - 3 potions of attraction
Miscellaneous
 R - a lightning rod (4/4)
 V - a tin of tremorstones (2/2)


   Skills:
 + Level 12.7(17.7) Fighting
 + Level 0.2(5.2) Short Blades
 + Level 17.4(22.5) Axes
 + Level 2.4(16.7) Maces & Flails
 + Level 0.7(16.4) Polearms
 + Level 4.8(9.8) Throwing
 + Level 17.3(22.3) Armour
 + Level 5.9(10.9) Dodging
 + Level 4.5(9.5) Stealth
 * Level 12.9(17.9) Shields
 + Level 0.1(5.1) Unarmed Combat
 * Level 18.1 Invocations
 * Level 9.1 Evocations


You had 18 spell levels left.
You didn't know any spells.
Your spell library contained the following spells:

 Spells                   Type           Power      Damage    Failure   Level
 Apportation              Tloc           0%         N/A       99%         1
 Freeze                   Ice            0%         1d3       99%         1
 Corpse Rot               Necr/Air       0%         N/A       100%        2
 Scorch                   Fire           0%         2d5       100%        2
 Sublimation of Blood     Necr           0%         N/A       100%        2
 Wereblood                Tmut           0%         N/A       100%        2
 Frozen Ramparts          Ice            0%         1d2       100%        3
 Gell's Gravitas          Tloc           0%         N/A       100%        3
 Inner Flame              Hex/Fire       0%         N/A       100%        3
 Lesser Beckoning         Tloc           0%         N/A       100%        3
 Teleport Other           Tloc           0%         N/A       100%        3
 Anguish                  Hex/Necr       0%         N/A       100%        4
 Cause Fear               Hex            0%         N/A       100%        4
 Dispel Undead            Necr           0%         3d6       100%        4
 Flame Wave               Conj/Fire      0%         2d4       100%        4
 Hailstorm                Conj/Ice       0%         3d3       100%        4
 Alistair's Intoxication  Tmut/Pois      0%         N/A       100%        5
 Borgnjor's Vile Clutch   Necr/Erth      0%         N/A       100%        5
 Conjure Ball Lightning   Conj/Air       0%         3x3d6     100%        6
 Dispersal                Tloc           0%         N/A       100%        6
 Eringya's Noxious Bog    Tmut/Pois      0%         N/A       100%        6
 Dragon Form              Tmut           0%         N/A       100%        7
 Enfeeble                 Hex            0%         N/A       100%        7
 Discord                  Hex            0%         N/A       100%        8
 Disjunction              Tloc           0%         N/A       100%        8
 Tukima's Dance           Hex            Unusable   N/A       N/A         3
 Death Channel            Necr           Unusable   N/A       N/A         6
 Summon Cactus Giant      Summ           Unusable   N/A       N/A         6
 Summon Hydra             Summ           Unusable   N/A       N/A         7
 Dragon's Call            Summ           Unusable   N/A       N/A         9

Dungeon Overview and Level Annotations

Branches:
Dungeon (15/15)            Temple (1/1) D:6            Lair (6/6) D:10
  Swamp (4/4) Lair:4       Spider (3/4) Lair:2        Slime (0/5) Lair:6
    Orc (2/2) D:10            Elf (1/3) Orc:2        Vaults (2/5) D:14
  Crypt (0/3) Vaults:2     Depths (1/4) D:15          IceCv (visited)
Volcano (visited)

Altars:
Ashenzari
Cheibriados
Dithmenos
Elyvilon
Fedhas
Gozag
Hepliaklqana
Kikubaaqudgha
Makhleb
Nemelex Xobeh
Okawaru
Qazlal
Ru
Sif Muna
Trog
Uskayaw
Vehumet
Wu Jian
Xom
Yredelemnul
Zin
The Shining One
Beogh
Jiyva

Shops:
Orc:1 *   Orc:2 [(*:   Vaults:2 =

Annotations:
Spider:3 Nikola
Depths:1 Saint Roka


Innate Abilities, Weirdness & Mutations

You are completely covered in slimy green scales. (AC +4, rPois)
Your demonic aura sometimes causes spilled blood to erupt in flames.
You are completely covered in sharp spines.
You are resistant to unholy torment.
You punish those that try to bend your will. (Will+)
You have a tail ending in a sharp stinger.
You have large cloven feet.
You have a pair of small horns on your head.
You tend to lose your temper in combat.
You are frail. (-10% HP)
Your spells are a little harder to cast, but a little more powerful.


Message History

The peacekeeper roars a battlecry!
The crystal guardian goes into a battle-frenzy!
The crystal guardian fires a crystalline bolt at you.
The crystal bolt freezes you. You resist.
You block the peacekeeper's attack. x2
Unknown command.
You cut the crystal guardian into ribbons!!!
You destroy the crystal guardian!
Okawaru accepts your kill.
You slice the peacekeeper!!
Your +9 spectral broad axe hits the peacekeeper!
You destroy the peacekeeper!
Okawaru accepts your kill.
You open the door.
A tengu reaver comes into view.
It is wielding a +2 vorpal battleaxe and wearing a +2 scale mail of cold resistance.
The tengu reaver shouts!
Found an escape hatch in the floor.
The tengu reaver points at you and mumbles some strange words.
The bolt of acid hits you. The acid corrodes you!
There is an open door here.
The tengu reaver gestures at you while chanting.
The bolt of poison misses you.
Unknown command.
You slice the tengu reaver!! You tail-slap the tengu reaver!
The tengu reaver is moderately wounded.
Your +9 spectral broad axe barely misses the tengu reaver.
The tengu reaver points at you and mumbles some strange words.
The bolt of negative energy hits you!!!
You feel drained.
* * * LOW HITPOINT WARNING * * *
Unknown command.
You slash the tengu reaver!
The tengu reaver is moderately wounded.
Your +9 spectral broad axe hits the tengu reaver!!
Unknown command.
You hit the tengu reaver. Your headbutt misses the tengu reaver.
The tengu reaver is severely wounded.
Your +9 spectral broad axe hits the tengu reaver!
Your +9 spectral broad axe is engulfed in blazing flames. x2
The tengu reaver points at you and mumbles some strange words.
The bolt of acid hits you!!
You die...

#.###.# #....##'#'####
#}.#[.###+##### #### #.......
#.###.##......# #.....#.
#..#..##......# #.....#.
#.###.##......# #...###.
#.[#(.##......# ##### #..)..#.
#.###.##......# #...# #.###.##
#.....##...(Q.###...###...#.#.
#.....##.....@'.......'.#####)
#'#############.......#.....#?
####.####### #.......#...####
..#...#....# ###...###^....#.
.#.....#.>.# #...# #.....##
####+####..# ##### #.......
##.....###.################''####
#.#...#.#.###.#.....#.....#..#
#..#(#..#..##....#.....#...).#


You could see a tengu reaver and a friendly +9 spectral broad axe (summoned).

Vanquished Creatures
  A bone dragon (Swamp:4)
  Arachne (Spider:2)
  Frances (Swamp:1)
  Gastronok (D:8)
  Kirke (D:12)
  A sphinx (Vaults:2)
  2 frost giants
  An emperor scorpion (Spider:2)
  4 ghost moths (Spider:2)
  4 vault wardens
  The ghost of TickTock the Warrior, a journeyman MiBe of Trog (Swamp:2)
  Aizul (Swamp:1)
  An orc warlord (Arena)
  Louise (D:15)
  7 ironbound preservers
  A very ugly thing (D:15)
  The ghost of 0gre the Frost Mage, a journeyman GnIE of Ashenzari (Lair:6)
  5 broodmothers
  Nessos (D:12)
  A war gargoyle (Vaults:2)
  4 entropy weavers
  Azrael (Spider:1)
  4 dire elephants (Vaults:1)
  A bunyip (Swamp:3)
  3 spark wasps
  2 eleionomae
  A fire dragon (shapeshifter) (D:15)
  10 yaktaur captains
  3 crystal guardians (Vaults:2)
  A shambling mangrove (Swamp:4)
  A jiangshi (D:15)
  A great orb of eyes (Vaults:1)
  An ice dragon (D:12)
  9 vault guards
  A rakshasa (D:15)
  14 hydras
  A ghost crab (Swamp:4)
  2 jorogumos (Spider:1)
  2 peacekeepers (Vaults:2)
  A centaur warrior (D:14)
  4 ironbound frosthearts
  An ogre mage (D:15)
  13 boulder beetles
  4 radroaches
  5 catoblepae
  10 alligators
  13 two-headed ogres
  14 death yaks
  4 tengu warriors
  A vampire mage (Depths:1)
  A sun demon (D:13)
  A hell knight (Volcano)
  3 orc high priests (Orc:2)
  A fire crab (Lair:6)
  6 spriggans
  A sun moth (Spider:1)
  5 skeletal warriors
  5 pharaoh ants
  4 goliath frogs
  An obsidian statue (Volcano)
  14 deep trolls (Vaults:1)
  A glowing orange brain (D:15)
  7 steelbarb worms
  A death drake (Swamp:4)
  A shadow dragon zombie (Vaults:2)
  4 orb spiders
  3 swamp dragons (Swamp:4)
  6 bog bodies
  7 spriggan druids
  A glowing orange brain (shapeshifter) (Vaults:2)
  5 harpies (Vaults:1)
  2 spectral hydras (Swamp:4)
  3 wizards
  4 orc knights
  2 deep elf zephyrmancers (Elf:1)
  3 phantasmal warriors (Swamp:4)
  14 wolf spiders
  7 ironbound convokers
  8 lindwurms
  14 ugly things
  A will-o-the-wisp (Swamp:2)
  5 deep elf pyromancers
  7 orc sorcerers
  A necromancer (Vaults:2)
  5 manticores
  2 tengu skeletons (Vaults:2)
  An elephant (D:9)
  9 cyclopes
  A frost giant zombie (Vaults:2)
  4 human skeletons (Vaults:2)
  A shining eye (shapeshifter) (D:15)
  2 frost giant skeletons (Vaults:2)
  An iron dragon skeleton (Vaults:2)
  A fire giant skeleton (Vaults:2)
  8 vault sentinels
  A stone giant skeleton (Vaults:2)
  4 torpor snails
  2 elf skeletons (Vaults:2)
  3 gargoyles
  A black mamba (Lair:1)
  An ice statue (IceCv)
  An elf zombie (Vaults:2)
  2 efreet
  14 cane toads
  5 demonic crawlers
  A smoke demon (Volcano)
  2 rime drakes
  11 komodo dragons
  5 swamp worm zombies (Swamp:4)
  14 yaktaurs
  A yaktaur skeleton (Vaults:2)
  An ice devil (D:13)
  2 freezing wraiths (D:14)
  2 hydra zombies (Swamp:4)
  A bloated husk (Swamp:4)
  3 hornets
  7 meliai
  13 polar bears
  9 trolls
  Prince Ribbit (D:9)
  44 slime creatures
  7 dream sheep (Lair:4)
  10 tyrant leeches
  An alligator zombie (Swamp:4)
  15 blink frogs
  25 tarantellas
  3 spectral swamp dragons (Swamp:4)
  A stone giant simulacrum (Vaults:2)
  21 jumping spiders
  16 culicivoras
  A vampire (D:13)
  7 hogs
  2 shadows
  3 wyverns
  77 yaks
  2 wraiths (D:12)
  7 fire bats (Volcano)
  A water elemental (D:13)
  A fire elemental (Spider:1)
  5 basilisks
  35 redbacks
  3 steam dragons
  26 vampire mosquitoes
  Menkaure (D:7)
  3 wargs
  14 water moccasins
  12 swamp worms
  6 hell hounds
  A sky beast (D:6)
  26 orc warriors
  An ice beast (D:6)
  6 black bears
  A necrophage (D:4)
  2 centaurs
  5 swamp dragon zombies (Swamp:4)
  5 boggarts (D:15)
  25 wolves
  14 ogres
  7 phantoms
  9 bullfrogs
  2 kobold brigands (D:8)
  3 scorpions
  The ghost of dianekeaton the Cudgeller, a weakling MiFi (D:3)
  5 howler monkeys
  An electric eel (Lair:5)
  8 lava snakes (Volcano)
  10 crimson imps
  A jelly (D:7)
  A centaur skeleton (D:7)
  2 hounds (D:5)
  4 centaur zombies
  16 orc priests
  2 gnoll shamans
  5 iguanas
  Jessica (D:3)
  16 orc wizards
  3 spectral swamp drakes (Swamp:4)
  A hound skeleton (D:5)
  3 howler monkey zombies
  13 gnolls
  5 adders
  4 shadow imps
  19 white imps
  2 worms
  2 dart slugs (D:1)
  83 orcs
  3 endoplasms
  A giant cockroach (D:2)
  7 goblins
  8 hobgoblins
  14 jackals
  11 kobolds
  2 quokkas
  8 ball pythons
  5 bats
  2 frilled lizards
  4 rats
1189 creatures vanquished.

Vanquished Creatures (others)
  4 bloated husks
  A tarantella (Spider:3)
  An acid dragon (D:9)
  2 orc warriors (Orc:2)
  A phantom (Swamp:4)
  A gnoll (Orc:2)
  A kobold (D:8)
  40 fungi
  21 plants
72 creatures vanquished.

Grand Total: 1261 creatures vanquished

Notes
Turn   | Place    | Note
-------+----------+-------------------------------------------
     0 | D:1      | Icepheonix32 the Demonspawn Fighter began the quest for the
                  | Orb.
     0 | D:1      | Reached XP level 1. HP: 18/18 MP: 1/1
   443 | D:1      | Gained mutation: You are partially covered in slimy green
                  | scales. (AC +2) [demonic ancestry]
   443 | D:1      | Reached XP level 2. HP: 21/24 MP: 2/2
   956 | D:1      | Found a faded altar of an unknown god.
  1297 | D:2      | Gained mutation: You are partially covered in sharp spines.
                  | [demonic ancestry]
  1297 | D:2      | Reached XP level 3. HP: 25/29 MP: 3/3
  1953 | D:3      | Noticed Jessica
  1964 | D:3      | Killed Jessica
  1965 | D:3      | Reached skill level 1 in Dodging
  1965 | D:3      | Reached XP level 4. HP: 36/36 MP: 4/4
  2094 | D:3      | Noticed a black bear
  2108 | D:3      | Killed a black bear
  2109 | D:3      | Reached XP level 5. HP: 36/42 MP: 5/5
  2291 | D:3      | Found a runed translucent gate.
  2293 | D:3      | Found a runed translucent gate.
  2293 | D:3      | Noticed dianekeaton's ghost (weakling MiFi)
  2294 | D:3      | Found a runed translucent gate.
  2814 | D:4      | Found a basalt altar of Yredelemnul.
  2939 | D:4      | Found an ornate altar of the Wu Jian Council.
  2940 | D:4      | Noticed a necrophage
  2952 | D:4      | Killed a necrophage
  2953 | D:4      | Reached XP level 6. HP: 49/49 MP: 6/6
  3013 | D:4      | Found a large runed translucent door.
  3014 | D:4      | Found a large runed translucent door.
  3282 | D:5      | Entered Level 5 of the Dungeon
  3370 | D:5      | Reached XP level 7. HP: 49/55 MP: 7/7
  4094 | D:5      | Gained mutation: You do not regenerate when monsters are
                  | visible. [potion of mutation]
  4094 | D:5      | Gained mutation: You have a pair of small horns on your
                  | head. [potion of mutation]
  4094 | D:5      | Gained mutation: Your flesh is cold resistant. (rC+)
                  | [potion of mutation]
  4106 | D:5      | Gained mutation: You are mostly covered in slimy green
                  | scales. (AC +3) [demonic ancestry]
  4106 | D:5      | Reached XP level 8. HP: 21/61 MP: 8/8
  4481 | D:6      | Found a staircase to the Ecumenical Temple.
  4481 | D:6      | Noticed a two-headed ogre
  4490 | D:6      | Killed a two-headed ogre
  4491 | D:6      | Reached skill level 5 in Fighting
  4491 | D:6      | Reached skill level 1 in Stealth
  4491 | D:6      | Reached skill level 5 in Shields
  4501 | D:6      | Reached skill level 5 in Axes
  4525 | Temple   | Entered the Ecumenical Temple
  4843 | Temple   | Became a worshipper of Warmaster Okawaru
  4959 | D:6      | Gained mutation: Your demonic aura sometimes causes spilled
                  | blood to erupt in flames. [demonic ancestry]
  4959 | D:6      | Reached XP level 9. HP: 59/68 MP: 9/9
  5070 | D:6      | Noticed a two-headed ogre
  5084 | D:6      | Killed a two-headed ogre
  5084 | D:6      | Reached * piety under Okawaru
  5376 | D:6      | Found a hazy altar of Hepliaklqana.
  5996 | D:7      | Reached skill level 1 in Invocations
  6302 | D:7      | Noticed Menkaure
  6308 | D:7      | Killed Menkaure
  6308 | D:7      | Reached ** piety under Okawaru
  6567 | D:7      | Reached skill level 2 in Invocations
  6818 | D:8      | Noticed Gastronok
  6842 | D:8      | Killed Gastronok
  6842 | D:8      | Reached *** piety under Okawaru
  6843 | D:8      | Reached skill level 3 in Invocations
  6843 | D:8      | Reached XP level 10. HP: 22/76 MP: 10/12
  7454 | D:8      | Found a transporter.
  7455 | D:8      | Found a transporter.
  7455 | D:8      | Noticed a boulder beetle
  7493 | D:8      | Found a shadowy altar of Dithmenos.
  7556 | D:8      | Reached skill level 4 in Invocations
  7774 | D:8      | Reached skill level 10 in Armour
  8038 | D:8      | Reached **** piety under Okawaru
  8205 | D:8      | Noticed a manticore
  8218 | D:8      | Killed a manticore
  8674 | D:8      | Reached skill level 5 in Invocations
  9060 | D:9      | Noticed Prince Ribbit
  9073 | D:9      | Killed Prince Ribbit
  9642 | D:9      | Noticed a two-headed ogre
  9699 | D:9      | Killed a two-headed ogre
  9699 | D:9      | Reached ***** piety under Okawaru
  9700 | D:9      | Reached skill level 1 in Throwing
  9700 | D:9      | Gained mutation: You have a small tail. [demonic ancestry]
  9700 | D:9      | Reached XP level 11. HP: 61/83 MP: 15/15
  9934 | D:10     | Entered Level 10 of the Dungeon
  9939 | D:10     | Received a gift from Okawaru
 10087 | D:10     | Reached skill level 6 in Invocations
 10255 | D:10     | Found a staircase to the Orcish Mines.
 10267 | D:10     | Reached skill level 5 in Dodging
 10530 | D:10     | Noticed a two-headed ogre
 10976 | D:10     | Killed a two-headed ogre
 11137 | D:10     | Noticed a two-headed ogre
 11151 | D:10     | Killed a two-headed ogre
 11185 | D:10     | Found a staircase to the Lair.
 12079 | D:11     | Reached skill level 7 in Invocations
 12863 | D:11     | Noticed a boulder beetle
 12981 | D:11     | Received a gift from Okawaru
 13349 | D:11     | Killed a boulder beetle
 13488 | D:12     | Noticed an eight-headed hydra
 13500 | D:12     | Noticed a brown ugly thing
 13501 | D:12     | Noticed a tengu warrior
 13506 | D:12     | Noticed a purple ugly thing
 13507 | D:12     | Gained mutation: You are mostly covered in sharp spines.
                  | [demonic ancestry]
 13507 | D:12     | Reached XP level 12. HP: 61/91 MP: 15/17
 13508 | D:12     | Killed a six-headed hydra
 13515 | D:12     | Killed a tengu warrior
 13516 | D:12     | Reached skill level 8 in Invocations
 13534 | D:12     | Noticed a two-headed ogre
 13554 | D:12     | Killed a two-headed ogre
 13651 | D:12     | Found a frozen archway.
 13688 | D:12     | Noticed Nessos
 13691 | IceCv    | Entered an ice cave
 14059 | IceCv    | Noticed a death yak
 14059 | IceCv    | Noticed a death yak
 14062 | Arena    | Entered the Arena
 14070 | Arena    | Killed a death yak
 14081 | IceCv    | Killed a death yak
 14082 | IceCv    | Reached skill level 10 in Axes
 14187 | IceCv    | Reached skill level 9 in Invocations
 14292 | IceCv    | Identified the +4 ring mail of Action {Drain Will+++ rCorr
                  | Str+4} (Okawaru gifted it to you in an ice cave)
 14292 | IceCv    | Received a gift from Okawaru
 14520 | IceCv    | Noticed a death yak
 14550 | IceCv    | Killed a death yak
 14665 | IceCv    | Noticed a death yak
 14665 | IceCv    | Noticed a death yak
 14666 | IceCv    | Noticed a frost giant
 14676 | IceCv    | Gained mutation: You have a tail ending in a sharp stinger.
                  | [demonic ancestry]
 14676 | IceCv    | Reached XP level 13. HP: 98/98 MP: 18/20
 14679 | Arena    | Entered the Arena
 14689 | Arena    | Killed a frost giant
 14722 | IceCv    | Reached skill level 10 in Invocations
 15256 | D:12     | Killed Nessos
 15672 | D:12     | Received a gift from Okawaru
 16408 | D:12     | Gained mutation: You are completely covered in sharp
                  | spines. [demonic ancestry]
 16408 | D:12     | Reached XP level 14. HP: 106/106 MP: 22/22
 17037 | D:13     | Received a gift from Okawaru
 17581 | D:13     | Noticed Kirke
 17596 | D:13     | Reached skill level 11 in Invocations
 17627 | D:13     | HP: 3/106 [hog[Kirke] (13)]
 18006 | D:12     | Killed Kirke
 18138 | D:13     | Identified the +7 mace of Akoru {venom, rPois rN++}
 18651 | D:13     | Received a gift from Okawaru
 18651 | D:13     | Found the +0 mask of the Dragon {Will+ Slay+3 SInv}
 19125 | D:14     | Found a gate to the Vaults.
 19151 | D:14     | Reached skill level 1 in Maces & Flails
 19151 | D:14     | Gained mutation: You are completely covered in slimy green
                  | scales. (AC +4, rPois) [demonic ancestry]
 19151 | D:14     | Reached XP level 15. HP: 74/113 MP: 23/23
 19873 | D:15     | Entered Level 15 of the Dungeon
 19953 | D:15     | Reached skill level 12 in Invocations
 20315 | D:15     | Noticed Louise
 20523 | D:15     | Received a gift from Okawaru
 20670 | D:15     | Killed Louise
 20671 | D:15     | Reached skill level 15 in Armour
 21180 | D:15     | Found a staircase to the Depths.
 21496 | D:15     | Found an opulent altar of Gozag.
 21750 | Lair:1   | Entered Level 1 of the Lair of Beasts
 22066 | Lair:1   | Identified the +1 robe "Xing" {rF+ Will+ Str+3 Int-5}
                  | (Okawaru gifted it to you on level 1 of the Lair of Beasts)
 22066 | Lair:1   | Received a gift from Okawaru
 22638 | Lair:2   | Reached skill level 13 in Invocations
 22770 | Lair:2   | Identified the +7 flail "Hak Ujol" {drain, rC+ Str+2}
 23214 | Lair:2   | Found a hole to the Spider Nest.
 24151 | Lair:3   | Reached skill level 10 in Fighting
 24547 | Lair:4   | Found a staircase to the Swamp.
 24643 | Lair:4   | Found a dark tunnel.
 24652 | Volcano  | Entered a volcano
 24973 | Volcano  | Found a radiant altar of Vehumet.
 25332 | Lair:4   | Reached XP level 16. HP: 122/122 MP: 26/26
 25849 | Lair:4   | Identified the +4 hunting sling of Corom {freeze, rF+
                  | Dex+3}
 25907 | Lair:4   | Received a gift from Okawaru
 26030 | Lair:4   | Received a gift from Okawaru
 26504 | Lair:5   | Reached skill level 14 in Invocations
 27016 | Lair:5   | Lost mutation: You do not regenerate when monsters are
                  | visible. [potion of mutation]
 27016 | Lair:5   | Lost mutation: You have a pair of small horns on your head.
                  | [potion of mutation]
 27016 | Lair:5   | Gained mutation: You have a pair of small horns on your
                  | head. [potion of mutation]
 27016 | Lair:5   | Gained mutation: Your mind is acute. (Int +2) [potion of
                  | mutation]
 27447 | Lair:6   | Entered Level 6 of the Lair of Beasts
 28245 | Lair:6   | Reached ****** piety under Okawaru
 28311 | Lair:6   | Found a staircase to the Slime Pits.
 28312 | Lair:6   | Found a viscous altar of Jiyva.
 28392 | Lair:6   | Found a runed translucent door.
 28460 | Lair:6   | Received a gift from Okawaru
 28501 | Lair:6   | Noticed 0gre's ghost (journeyman GnIE)
 28518 | Lair:6   | Killed 0gre's ghost
 28699 | Lair:6   | Identified the +4 leather armour of Reocekk {rElec Str+2
                  | Dex+5}
 29173 | D:4      | Found a snail-covered altar of Cheibriados.
 29182 | D:4      | Found a stormy altar of Qazlal.
 29266 | D:3      | Killed dianekeaton's ghost
 29462 | Orc:1    | Entered Level 1 of the Orcish Mines
 29462 | Orc:1    | Found Karit's Overcharged Wands.
 29691 | Orc:2    | Entered Level 2 of the Orcish Mines
 29733 | Orc:2    | Received a gift from Okawaru
 29737 | Orc:2    | Reached skill level 15 in Axes
 29758 | Orc:2    | Found Dead's Antique Armour Shop.
 30133 | Orc:2    | Found Innouwne's General Store.
 30483 | Orc:2    | Found Onaloo's Book Shoppe.
 30542 | Orc:2    | Received a gift from Okawaru
 30577 | Orc:2    | Reached skill level 10 in Shields
 30703 | Arena    | Entered the Arena
 30722 | Orc:2    | Found Ziofuuz's Antique Weapon Boutique.
 30735 | Orc:2    | Reached skill level 15 in Invocations
 30998 | Orc:2    | Found a staircase to the Elven Halls.
 31382 | Orc:2    | Bought a potion of heal wounds for 65 gold pieces
 31382 | Orc:2    | Bought a +0 cloak of willpower for 149 gold pieces
 31501 | Orc:1    | Bought a wand of acid (25) for 986 gold pieces
 31881 | Depths:1 | Entered Level 1 of the Depths
 31884 | Depths:1 | Noticed Saint Roka
 31885 | Depths:1 | Gained mutation: You sometimes lose the ability to read
                  | scrolls when taking damage. [a shining eye]
 31886 | Depths:1 | Lost mutation: Your mind is acute. (Int +2) [a shining eye]
 31887 | Depths:1 | Gained mutation: You are clumsy. (Dex -2) [a shining eye]
 32076 | Spider:1 | Entered Level 1 of the Spider Nest
 32519 | Spider:1 | Reached XP level 17. HP: 91/131 MP: 28/28
 32695 | Spider:1 | Received a gift from Okawaru
 33099 | Spider:1 | Gained mutation: You tend to lose your temper in combat.
                  | [mutagenic glow]
 33394 | Spider:1 | Noticed Azrael
 33409 | Spider:1 | Killed Azrael
 33975 | Spider:1 | Reached skill level 5 in Evocations
 34724 | Spider:2 | Noticed Arachne
 34739 | Spider:2 | Killed Arachne
 35056 | Spider:2 | Received a gift from Okawaru
 35315 | Spider:2 | Reached skill level 16 in Invocations
 36041 | Spider:2 | Received a gift from Okawaru
 36958 | Spider:3 | Noticed Nikola
 38614 | Swamp:1  | Entered Level 1 of the Swamp
 38976 | Swamp:1  | Noticed Aizul
 38986 | Swamp:1  | Killed Aizul
 38987 | Swamp:1  | Gained mutation: You punish those that try to bend your
                  | will. (Will+) [demonic ancestry]
 38987 | Swamp:1  | Reached XP level 18. HP: 121/139 MP: 30/30
 39247 | Swamp:1  | Noticed Frances
 39252 | Swamp:1  | Killed Frances
 39467 | Swamp:2  | Found a runed translucent door.
 39467 | Swamp:2  | Noticed TickTock's ghost (journeyman MiBe)
 39501 | Swamp:2  | Lost mutation: You sometimes lose the ability to read
                  | scrolls when taking damage. [potion of mutation]
 39501 | Swamp:2  | Lost mutation: You are clumsy. (Dex -2) [potion of
                  | mutation]
 39501 | Swamp:2  | Lost mutation: Your flesh is cold resistant. (rC+) [potion
                  | of mutation]
 39501 | Swamp:2  | Gained mutation: Your spells are a little harder to cast,
                  | but a little more powerful. [potion of mutation]
 39501 | Swamp:2  | Gained mutation: You are frail. (-10% HP) [potion of
                  | mutation]
 39501 | Swamp:2  | Gained mutation: You have large cloven feet. [potion of
                  | mutation]
 39575 | Swamp:2  | Killed TickTock's ghost
 39818 | Swamp:2  | Identified the +1 robe "Vienuq" {rF+ Str+4}
 39845 | Swamp:2  | You fall into a shaft and drop 1 floor!
 40155 | Swamp:2  | Identified the +4 demon trident of Guuloew {pain, rElec}
                  | (Okawaru gifted it to you on level 2 of the Swamp)
 40155 | Swamp:2  | Received a gift from Okawaru
 40690 | Swamp:4  | Entered Level 4 of the Swamp
 41878 | Swamp:4  | HP: 5/126 [poisoned by a death drake (foul vapour)]
 41878 | Swamp:4  | HP: 2/126 [spectral seven-headed hydra (3)]
 42495 | Swamp:4  | Noticed a bone dragon
 42510 | Swamp:4  | Killed a bone dragon
 42510 | Swamp:4  | Received a gift from Okawaru
 42537 | Swamp:4  | Got a decaying rune of Zot
 43312 | Elf:1    | Entered Level 1 of the Elven Halls
 43327 | Elf:1    | Reached skill level 17 in Invocations
 43939 | Vaults:1 | Entered Level 1 of the Vaults
 45190 | Vaults:1 | Received a gift from Okawaru
 45364 | Vaults:1 | Gained mutation: You are resistant to unholy torment.
                  | [demonic ancestry]
 45364 | Vaults:1 | Reached XP level 19. HP: 110/131 MP: 31/31
 45442 | Vaults:1 | Identified the +0 pair of gloves of the New World {Harm
                  | MP+9 Dex+4 Stlth-} (Okawaru gifted it to you on level 1 of
                  | the Vaults)
 45442 | Vaults:1 | Received a gift from Okawaru
 46654 | Vaults:2 | Found Vuassul's Jewellery Shop.
 47104 | Vaults:2 | Identified the +1 war axe of the Volcano {drain, Int-2
                  | Dex+7} (Okawaru gifted it to you on level 2 of the Vaults)
 47104 | Vaults:2 | Received a gift from Okawaru
 47405 | Vaults:2 | Found a staircase to the Crypt.
 47506 | Vaults:2 | Reached skill level 18 in Invocations
 48227 | Vaults:2 | Killed from afar by a tengu reaver

Illustrated notes

Levels and vault maps discovered:
D:1:      amcnicky_arrival_abandoned_market, layout_loops_ring,
          shapermc_ecumenical_altar_hornbeckon, st_stairs_5,
          minmay_misc_feat_diagonals
D:2:      layout_loops_ring, minmay_tiny_reverse_x
D:3:      layout_basic, ebering_ghost_rock_garden, uniq_jessica
D:4:      layout_gridville, mainiacjoe_overflow_cross_hatched,
          lemuel_doored_altar, jmf_multi_god_temple2
D:5:      nicolae_cairo_tiling_very_big, layout_basic, minmay_manual_moon
D:6:      layout_loops_cross, mainiacjoe_overflow_boulevard,
          minmay_temple_entry_grid, nicolae_concentric_dashed_squares_wild,
          amethyst_killhole
D:7:      black_bear_nest_2, layout_gridville, uniq_menkaure
D:8:      gammafunk_boulding_lane, layout_basic, old_standard_altar,
          kennysheep_path_1, grunt_decor_one_mirror, small_chamber_with_monster,
          minmay_nine_imps, uniq_gastronok
D:9:      layout_irregular_city, lemuel_flame_loot_1, uniq_prince_ribbit1
D:10:     layout_rooms, david_lair_generic, hiddenorc2_lemuel
D:11:     layout_irregular_city, serial_glass, glass_columns_a, glass_columns_b
D:12:     layout_basic, portal_ice_cave_entry_imps, minmay_holes,
          minmay_fountain_box, hangedman_decor_riveting, minmay_the_grid_2x2
          [minmay_the_grid_minigrid_medium, minmay_the_grid_outer_circle,
          minmay_the_grid_dragon_a, minmay_the_grid_prize_inner_circle],
          uniq_nessos
D:13:     statuecave_lemuel, layout_small_grid, minmay_fire_ice_demons,
          uniq_kirke
D:14:     layout_roguey [special_room_orc], lightli_vaults_fourway_checkpoint,
          chequers_garden
D:15:     gammafunk_enter_depths_forms, layout_gridville,
          nicolae_gozag_cash_rules_everything_around_me, kennysheep_flooded_box,
          uniq_louise
Temple:   lightli_temple_of_artemis
Lair:1:   layout_chaotic_city
Lair:2:   layout_cave_pods, spider_nest_entry_webs
Lair:3:   layout_layer_cave
Lair:4:   layout_cave_pods, skrybe_swamp_entry_bodies,
          nicolae_volcano_entry_vermiform
Lair:5:   layout_layer_cave, st_stairs_9, serial_bayou_ford_a,
          lemuel_old_faithful
Lair:6:   evilmike_catoblepas_cave, layout_gridlike, slime_altar_1,
          ebering_ghost_reflecting_pool, infiniplex_staircase_pool
Swamp:1:  layout_falls_marsh, serial_swamp_ruin, hangedman_swamp_ruin_hall,
          evilmike_swamp_ruin_rubble_1, evilmike_swamp_ruin_house_2,
          swamp_pool5, uniq_frances, uniq_aizul
Swamp:2:  layout_falls_marsh, hellmonk_ghost_happy_afterlife,
          evilmike_swamp_ruin_house_4
Swamp:3:  layout_basic_swamp, evilmike_swamp_ruin_house_6
Swamp:4:  swamp_pestilence, layout_basic_swamp, swamp_pool3
Spider:1: nicolae_spider_hilbert_zone_2 [nicolae_spider_hilbert_4_sides_1_open,
          nicolae_spider_hilbert_4_sides_1_open,
          nicolae_spider_hilbert_4_sides_1_open,
          nicolae_spider_hilbert_4_sides_1_open,
          nicolae_spider_hilbert_6_sides_1_open,
          nicolae_spider_hilbert_6_sides_1_open,
          nicolae_spider_hilbert_3_sides_1_open,
          nicolae_spider_hilbert_3_sides_1_open,
          nicolae_spider_hilbert_3_sides_1_open,
          nicolae_spider_hilbert_3_sides_1_open,
          nicolae_spider_hilbert_6_sides_1_open,
          nicolae_spider_hilbert_6_sides_1_open,
          nicolae_spider_hilbert_6_sides_1_open,
          nicolae_spider_hilbert_6_sides_1_open], uniq_azrael
Spider:2: layout_cave_pods, hellmonk_watch_for_rolling_rocks, uniq_arachne
Spider:3: layout_spider_delve, hellmonk_deceptive_appearances, uniq_nikola
Orc:1:    layout_diamond_mine, nicolae_shop_overcharged_wands
Orc:2:    grunt_orc_gardens, layout_caves, grunt_orc_garden, grunt_orc_garden,
          grunt_orc_garden, grunt_orc_garden
Elf:1:    eino_elf_arrival_customs, layout_geoelf_octagon, minmay_elf_sorcery,
          patterned_corridor
Vaults:1: nicolae_vaults_diagonal_hallway_6, vaults_mumra_lcd, v_misc_32,
          v_misc_28, vaults_room_semicircle, vaults_mumra_minichess,
          nicolae_vaults_little_ls, nicolae_vaults_three_branches, v_pattern_5,
          ontoclasm_vaults_eye, vaults_room_pool, vaults_room_stairs_pillars,
          v_alt_pattern_1, layout_vaults_omnicross, serial_glass
Vaults:2: nicolae_vaults_little_squares_3, ontoclasm_vaults_misaligned,
          minmay_crypt_entry_skeletal_spiral, v_misc_17, v_misc_27,
          nicolae_vaults_network_star, hangedman_vaults_trim, v_misc_26,
          nicolae_vaults_ninety_degrees, nicolae_vaults_triangles,
          nicolae_vaults_an_arrangement, vaults_room_pools,
          nicolae_vaults_little_squares_6, nicolae_vaults_shelves_hall,
          nicolae_vaults_shelves_hall, layout_vaults_omnibox, serial_shops,
          nicolae_shop_behind_doors
Depths:1: layout_gridville, pf_hell_entry_tar_river, pan_entry,
          lemuel_coloured_pillars_altar, st_stairs_8,
          serial_sigils_hangedman_snap, nrook_campfire, grunt_ministairs_6,
          kennysheep_generic_room_15, uniq_saint_roka

Skill      XL: |  1  2  3  4  5  6  7  8  9 10 11 12 13 14 15 16 17 18 19 |
---------------+----------------------------------------------------------+-----
Axes           | 2 3 5 7 8 9 10 12 14 15 16 17 | 17.4
Shields        | 3 4 5 6 7 8 9 10 12 | 12.9
Dodging        | 1 2 3 4 5 |  5.9
Fighting       | 4 5 6 7 8 9 10 11 12 | 12.7
Armour         | 3 4 7 9 11 13 14 15 16 17 | 17.3
Stealth        | 1 2 3 4 |  4.5
Invocations    | 3 5 7 9 10 11 13 15 16 17 18 | 18.1
Throwing       | 1 3 4 |  4.8
Evocations     | 4 6 8 9 |  9.1
Maces & Flails | 1 2 |  2.4
Short Blades   | |  0.2
Polearms       | |  0.7
Unarmed Combat | |  0.1

Action                   |  1- 3 |  4- 6 |  7- 9 | 10-12 | 13-15 | 16-18 | 19-21 || total
-------------------------+-------+-------+-------+-------+-------+-------+-------++-------
Melee: War axe           |   100 |    22 |       |       |       |    55 |    29 ||   206
       Hand axe          |       |    46 |   204 |   439 |       |       |       ||   689
       Dagger            |       |    34 |       |       |       |       |       ||    34
       Headbutt          |       |       |    27 |   139 |   198 |   256 |    83 ||   703
       Tailslap          |       |       |       |    78 |   132 |   211 |    47 ||   468
       Scythe            |       |       |       |     3 |       |       |       ||     3
       Broad axe         |       |       |       |   145 |   651 |  1008 |   198 ||  2002
       Punch             |       |       |       |     1 |       |       |       ||     1
       Mace              |       |       |       |       |    35 |    18 |       ||    53
       Unarmed           |       |       |       |       |    10 |       |       ||    10
Throw: Dart              |       |     6 |     1 |    19 |     2 |     6 |       ||    34
       Boomerang         |       |       |       |    62 |    21 |    15 |       ||    98
       Javelin           |       |       |       |     2 |       |    54 |     4 ||    60
       Throwing net      |       |       |       |     3 |       |     1 |       ||     4
Invok: Heroism           |       |       |       |    10 |     9 |     5 |     4 ||    28
       Finesse           |       |       |       |     3 |     1 |     1 |       ||     5
       Duel              |       |       |       |     1 |     1 |     1 |       ||     3
Evoke: Wand              |       |       |       |     1 |       |       |       ||     1
       Piece from Xom's  |       |       |       |       |     1 |       |       ||     1
  Use: Potion            |       |       |     6 |     8 |     6 |    10 |       ||    30
       Scroll            |       |       |     3 |    14 |     9 |    16 |       ||    42
 Stab: Petrified         |       |       |       |       |     6 |       |       ||     6
       Distracted        |       |       |       |       |       |     9 |     5 ||    14
Armor: Scale mail        |    63 |    53 |   105 |    31 |       |       |       ||   252
       Chain mail        |       |       |       |    77 |     7 |       |       ||    84
       Skin              |       |       |       |    46 |       |       |       ||    46
       Plate armour      |       |       |       |   203 |   379 |   840 |    73 ||  1495
Dodge: Dodged            |    44 |    41 |    88 |   177 |   171 |   280 |    31 ||   832
Block: Buckler           |    22 |    33 |    48 |   101 |       |       |       ||   204
       Kite shield       |       |       |       |    85 |   208 |       |       ||   293
       Tower shield      |       |       |       |       |   203 |   878 |   113 ||  1194
